 Dungeon Crawl Stone Soup version 0.29-a0-490-g77b3608bb8 (webtiles) character file.

Game seed: 1170704560698904676

117 Sobieck the Grave Robber (level 5, -1/23 (24) HPs)
             Began as a Vine Stalker Necromancer on May 26, 2022.
             Slain by SirDiesAlot's ghost (8 damage)
             ... on level 3 of the Dungeon.
             The game lasted 00:05:26 (2901 turns).

Sobieck the Grave Robber (Vine Stalker Necromancer) Turns: 2901, Time: 00:05:26

HP:   -1/23 (24)    AC:  5    Str: 10    XL:     5   Next: 1%
MP:   0/9           EV: 12    Int: 17    God:
Gold: 177           SH:  0    Dex: 15    Spells: 3/8 levels left

rFire   . . .      SeeInvis .   f - +0 dagger {short}
rCold   . . .      Faith    .   (no shield)
rNeg    + . .      Spirit   +   a - +0 robe
rPois   .          Reflect  .   e - +0 helmet
rElec   .          Harm     .   (no cloak)
rCorr   .          Rampage  .   i - +0 pair of gloves
Will    .....                   p - +0 pair of boots
Stlth   ++........              (no amulet)
HPRegen 0.87/turn               r - ring of positive energy
MPRegen 0.11/turn               (no ring)

@: very slightly contaminated, lightly drained
A: fangs 2, regeneration 1, magic shield, antimagic bite, no potion heal 2
a: no special abilities


You were on level 3 of the Dungeon.
You visited 1 branch of the dungeon, and saw 3 of its levels.

You collected 177 gold pieces.


Innate Abilities, Weirdness & Mutations

You have extremely sharp teeth.
Your natural rate of healing is unusually fast.
When hurt, damage is shared between your health and your magic reserves.
Your bite disrupts and absorbs the magic of your enemies.
Potions cannot restore your health.


   Skills:
 - Level 1.5 Dodging
 - Level 3.0 Stealth
 - Level 2.1 Spellcasting
 + Level 6.0 Necromancy


You had 3 spell levels left.
You knew the following spells:

 Your Spells              Type           Power      Damage    Failure   Level
a - Necrotize             Necr           88%        1d8       1%          1
b - Animate Dead          Necr           22%        N/A       16%         4

Your spell library contained the following spells:

 Spells                   Type           Power      Damage    Failure   Level
 Vampiric Draining        Necr           22%        2d7       4%          3
 Agony                    Necr           22%        N/A       41%         5
 Summon Forest            Summ/Tloc      0%         N/A       99%         5
 Eringya's Noxious Bog    Tmut/Pois      0%         N/A       100%        6
 Summon Hydra             Summ           0%         N/A       100%        7

Inventory:

Hand Weapons
 f - a +0 dagger (weapon) {short}
   (You took it off a goblin on level 1 of the Dungeon)
Missiles
 j - 26 stones {throwing}
Armour
 a - a +0 robe (worn)
 e - a +0 helmet (worn)
   (You found it on level 1 of the Dungeon)
 h - a +0 ring mail
   (You found it on level 1 of the Dungeon)
 i - a +0 pair of gloves (worn)
   (You found it on level 1 of the Dungeon)
 n - a +0 helmet
   (You found it on level 2 of the Dungeon)
 p - a +0 pair of boots (worn)
   (You found it on level 2 of the Dungeon)
Jewellery
 r - a ring of positive energy (left hand)
   (You found it on level 3 of the Dungeon)
 t - a ring of willpower
   (You found it on level 3 of the Dungeon)
Scrolls
 c - a scroll of brand weapon {unknown}
 d - 4 scrolls of identify {unknown}
 g - a scroll of enchant weapon {unknown}
 k - a scroll of magic mapping {unknown}
 l - a scroll of noise {unknown}
Potions
 b - a potion of magic
 m - a potion of heal wounds {unknown}
 o - a potion of attraction {unknown}
 q - a potion of degeneration {unknown}
 s - a potion of curing {unknown}

Dungeon Overview and Level Annotations

Branches:
Dungeon (3/15)

Altars:
Cheibriados
Dithmenos
Xom

Annotations:
D:3 SirDiesAlot's ghost, amateur MiFi

###..###........#
#
###........##.##
#........##..#
#........###.##
#.......)###..#
#.....#####...#
#....##.8P##..#
#...##.KKKK#..#
#####$.###KK@.#
$..K..WK.#
..###.'.## ...#.#
P8P##.# #####..#
####


You could see a kobold brigand, SirDiesAlot's ghost and 7 kobolds.


Message History

Unknown command.
A rat comes into view.
Danger!
No reachable target in view!
A goblin comes into view. It is wielding a +0 dagger.
The goblin shouts!
You hit the goblin. Your bite misses the goblin.
The goblin completely misses you.
You barely miss the goblin. Your punch misses the goblin. You bite the goblin.
You kill the goblin!
You have reached level 5!
The rat barely resists.
The rat barely resists.
The rat barely misses you.
The rat writhes in agony!
You kill the rat!
The dead are walking!
You can't see any susceptible monsters within range! (Use Z to cast anyway.) Unknown command.
This spell is potentially lethal to cast!
Memorise Animate Dead, consuming 4 spell levels and leaving 3?
You start memorising the spell.
You continue memorising. x4
You finish memorising.
Spell assigned to 'b'.
Unknown command.
Unknown command.
You swap places.
You now have 170 gold pieces (gained 11).
Things that are here:
a +0 dagger {short}; a goblin corpse Unknown command.
You swap places.
Your rat skeleton crumbles into dust!
s - a golden potion Unknown command.
Casting: Necrotize (safe; 1% risk of failure)
Confirm with . or Enter, or press ? or * to list all spells.
The spell is potentially lethal to miscast (16% risk of failure)!
Continue anyway?
You call upon the dead to rise.
Unknown command.
Your reaping aura is weakening.
Your reaping aura expires.
A bat comes into view.
Danger!
The bat writhes in agony.
You kill the bat!
The dead are flying!
You can't see any susceptible monsters within range! (Use Z to cast anyway.) Unknown command.
Unknown command.
You swap places.
You now have 177 gold pieces (gained 7).
t - a ring of willpower Unknown command.
The kobold shouts!
SirDiesAlot's ghost turns its malevolent gaze towards you.
The kobold shouts! x2
The kobold hits the fungus with a +0 short sword.
The fungus begins to die.
The kobold shouts!
The kobold shouts!
The kobold brigand shouts!
The kobold shouts!
The kobold completely misses the fungus.
The kobold hits the fungus with a +0 short sword.
Unknown command.
You open the gate.
Your bat skeleton closely misses the kobold.
The kobold completely misses your bat skeleton.
The kobold hits your bat skeleton with a +0 dagger.
The kobold throws a stone.
The stone closely misses your bat skeleton.
The stone hits you.
Danger!
Casting: Necrotize (safe; 1% risk of failure)
Confirm with . or Enter, or press ? or * to list all spells.
The spell is potentially lethal to miscast (16% risk of failure)!
Continue anyway?
You miscast Animate Dead.
You are very lightly contaminated with residual magic.
You shiver with cold.
You partially resist.
You feel drained.
A nearby fungus withers and dies.
Your bat skeleton closely misses the kobold.
Your bat skeleton barely misses the kobold.
Your bat skeleton hits the kobold.
The kobold hits your bat skeleton with a +0 short sword.
SirDiesAlot's ghost hits you!
Ouch! That really hurt!
* * * LOW HITPOINT WARNING * * *
The kobold hits the fungus with a +0 short sword.
The fungus begins to die.
The kobold hits your bat skeleton with a +0 dagger.
Your bat skeleton is destroyed!
Casting: Animate Dead (potentially lethal; 16% risk of failure)
Confirm with . or Enter, or press ? or * to list all spells.
You don't know that spell.
Unknown command.
You hit SirDiesAlot's ghost. SirDiesAlot's ghost barely misses you.
The kobold hits the fungus with a +0 short sword.
Unknown command.
You hit SirDiesAlot's ghost.
The kobold hits the fungus with a +0 short sword.
SirDiesAlot's ghost hits you!
You die...

Skill      XL: |  1  2  3  4 |
---------------+-------------+-----
Stealth        | 3 |  3.0
Necromancy     | 5 6 |  6.0
Dodging        | |  1.5
Spellcasting   | |  2.1

Action                   |  1- 3 |  4- 6 || total
-------------------------+-------+-------++-------
Melee: Dagger            |    16 |    23 ||    39
       Bite              |     3 |    10 ||    13
       Punch             |     1 |     1 ||     2
 Cast: Necrotize         |    47 |    43 ||    90
       Animate Dead      |       |     1 ||     1
 Stab: Sleeping          |       |     4 ||     4
Armor: Robe              |       |    12 ||    12
Dodge: Dodged            |    14 |    13 ||    27

Levels and vault maps discovered:
D:1:      onia_arrival_mini_maze_b, layout_basic, minmay_tromino_v7
D:2:      layout_loops_ring, hellmonk_ecumenical_altar_crossroads
D:3:      layout_basic, nicolae_dithmenos_through_a_glass_darkly,
          lemuel_crystal_altar, nicolae_overflow_ecumenical_swirl,
          mainiacjoe_overflow_brackets, gammafunk_ghost_nasty_kobolds,
          item_on_display_a

Notes
Turn   | Place    | Note
-------+----------+-------------------------------------------
     0 | D:1      | Sobieck the Vine Stalker Necromancer began the quest for
                  | the Orb.
     0 | D:1      | Reached XP level 1. HP: 9/9 MP: 4/4
   116 | D:1      | You add the spells Summon Forest, Eringya's Noxious Bog and
                  | Summon Hydra to your library.
   338 | D:1      | Reached XP level 2. HP: 5/13 MP: 3/6
   557 | D:1      | Reached skill level 3 in Stealth
   794 | D:1      | Reached XP level 3. HP: 12/16 MP: 2/7
  1543 | D:2      | Reached skill level 5 in Necromancy
  1623 | D:2      | Gained mutation: Your natural rate of healing is unusually
                  | fast. [Vine Stalker growth]
  1623 | D:2      | Reached XP level 4. HP: 21/21 MP: 3/8
  1704 | D:2      | Found a faded altar of an unknown god.
  2516 | D:3      | Found a snail-covered altar of Cheibriados.
  2664 | D:3      | Found a shimmering altar of Xom.
  2722 | D:3      | Reached skill level 6 in Necromancy
  2773 | D:3      | Found a shadowy altar of Dithmenos.
  2783 | D:3      | Reached XP level 5. HP: 24/24 MP: 9/9
  2795 | D:3      | Learned a level 4 spell: Animate Dead
  2892 | D:3      | Found a runed translucent gate.
  2892 | D:3      | Found a runed translucent gate.
  2892 | D:3      | Found a runed translucent gate.
  2895 | D:3      | Noticed SirDiesAlot's ghost (amateur MiFi)
  2896 | D:3      | Noticed a kobold brigand
  2899 | D:3      | HP: 5/23 [SirDiesAlot's ghost (14)]
  2901 | D:3      | Slain by SirDiesAlot's ghost

Vanquished Creatures
  4 adders
  A gnoll (D:1)
  3 worms
  A dart slug (D:3)
  2 ball pythons (D:2)
  8 bats
  6 endoplasms
  4 giant cockroaches
  8 hobgoblins
  3 jackals (D:3)
  2 kobolds
  2 quokkas
  3 frilled lizards
  4 goblins
  7 rats
58 creatures vanquished.

Vanquished Creatures (collateral kills)
  A rat (D:1)
1 creature vanquished.

Vanquished Creatures (others)
  A fungus (D:3)
1 creature vanquished.

Grand Total: 60 creatures vanquished

Table legend:
 A = Non-vault XP
 B = Vault XP
 C = Vault XP percentage of total XP
 D = Non-vault monster count
 E = Vault monster count
 F = Vault count percentage of total count
                 A         B        C        D         E       F
            +---------+---------+-------+---------+---------+-------
      Total |     162 |       6 |   3.6 |      56 |       3 |   5.1
            +---------+---------+-------+---------+---------+-------
        D:1 |      42 |       6 |  12.5 |      18 |       3 |  14.3
        D:2 |      73 |       0 |   0.0 |      22 |       0 |   0.0
        D:3 |      47 |       0 |   0.0 |      16 |       0 |   0.0
            +---------+---------+-------+---------+---------+-------

Illustrated notes

Table legend:
 A = Kills in this place as a percentage of kills in entire the game.
 B = Kills by you in this place as a percentage of kills by you in the entire game.
 C = Kills by friends in this place as a percentage of kills by friends in the entire game.
 D = Other kills in this place as a percentage of other kills in the entire game.
 E = Experience gained in this place as a percentage of experience gained in the entire game.
 F = Experience gained in this place divided by the number of levels of this place that you have seen.
                   A       B       C       D       E      F
               +-------+-------+-------+-------+-------+----------------------
         Total | 100.0 | 100.0 | 100.0 |   N/A | 100.0 |  56.0
       Dungeon | 100.0 | 100.0 | 100.0 |   N/A | 100.0 |  56.0
               +-------+-------+-------+-------+-------+----------------------

Table legend: (Time is in decaauts)
 A = Elapsed time spent in this place.
 B = Non-inter-level travel time spent in this place.
 C = Inter-level travel time spent in this place.
 D = Time resting spent in this place.
 E = Time spent auto-exploring this place.
 F = Levels seen in this place.
 G = Mean time per level.
                   A        B        C        D        E       F      G
               +--------+--------+--------+--------+--------+-----+--------+
         Total |   2899 |   2805 |     94 |    337 |   2095 |   3 |  966.3 |
       Dungeon |   2899 |   2805 |     94 |    337 |   2095 |   3 |  966.3 |
               +--------+--------+--------+--------+--------+-----+--------+

Top non-repeatable levels by time:
     D:1: 1538 daAuts
     D:2: 850 daAuts
     D:3: 510 daAuts
